 Dungeon Crawl Stone Soup version 0.30-a0-808-g6e0788376e (webtiles) character file.

Game seed: 4374835878325961498

184 Twinkles the Sneak (level 5, -6/36 HPs)
             Began as an Octopode Brigand on Feb 26, 2023.
             Mangled by a gnoll
             ... wielding a +0 long sword
              (9 damage)
             ... on level 4 of the Dungeon.
             The game lasted 00:11:40 (3436 turns).

Twinkles the Sneak (Octopode Brigand)               Turns: 3436, Time: 00:11:41

Health: -6/36      AC:  1    Str: 12    XL:     5   Next: 63%
Magic:  5/5        EV: 13    Int: 14    God:
Gold:   171        SH:  4    Dex: 13    Spells: 4/4 levels left

rFire   . . .      SeeInvis .    a - +3 dagger
rCold   . . .      Faith    .    l - +0 buckler
rNeg    . . .      Spirit   .    (helmet restricted)
rPois   .          Reflect  .    (no amulet)
rElec   .          Harm     .    k - ring of resist corrosion
rCorr   +          Rampage  .    (no ring)
Will    .....                    (no ring)
Stlth   ++++                     (no ring)
HPRegen 0.26/turn                (no ring)
MPRegen 0.09/turn                (no ring)
                                 (no ring)
                                 (no ring)

@: no status effects
A: almost no armour, amphibious, 8 rings, camouflage 1, gelatinous body 1,
(nimble swimmer 1), tentacles
a: no special abilities


You were on level 4 of the Dungeon.
You visited 1 branch of the dungeon, and saw 4 of its levels.

You collected 197 gold pieces.
You spent 26 gold pieces at shops.

Inventory:

Hand Weapons
 a - a +3 dagger (weapon)
Missiles
 b - 14 poisoned darts (quivered)
 c - 3 curare-tipped darts
Armour
 l - a +0 buckler (worn)
Jewellery
 k - a ring of resist corrosion (left tentacle)
Wands
 p - a wand of paralysis (11)
Scrolls
 f - a scroll of enchant weapon
 j - a scroll of brand weapon {unknown}
 m - a scroll of magic mapping {unknown}
 n - a scroll of blinking {unknown}
 o - a scroll of fear {unknown}
 Y - a scroll of teleportation
 Z - 5 scrolls of identify
Potions
 d - a potion of brilliance {unknown}
 e - 2 potions of mutation {unknown}
 g - 5 potions of curing {unknown}
 h - a potion of heal wounds {unknown}
 i - a potion of ambrosia {unknown}
 q - a potion of haste {unknown}
 T - 4 potions of berserk rage


   Skills:
 + Level 3.1 Fighting
 - Level 2.0 Short Blades
 - Level 2.5 Throwing
 + Level 2.3 Dodging
 + Level 6.3 Stealth
 + Level 1.2 Shields
 + Level 2.0 Unarmed Combat


You had 4 spell levels left.
You didn't know any spells.
Your spell library contained the following spells:

 Spells                   Type           Power      Damage    Failure   Level
 Vhi's Electric Charge    Tloc/Air       0%         N/A       75%         3
 Arcjolt                  Conj/Air       0%         1d10      100%        5
 Maxwell's Capacitive Co  Air            0%         ∞         100%        8


Dungeon Overview and Level Annotations

Branches:
Dungeon (4/15) Zot: 20570
 Temple: D:4-7

Altars:
Makhleb
Trog

Shops:
D:1 *

Annotations:
D:3 exclusions: dart slug and ogre
D:4 3 runed translucent doors, Airmonger's ghost, amateur DsFi; Dowan; Duvessa


Innate Abilities, Weirdness & Mutations

You cannot wear most types of armour.
You are amphibious.
You can wear up to eight rings at the same time.
Your skin changes colour to match your surroundings (Stealth+).
Your rubbery body absorbs attacks. (AC +1, EV +1)
((You are camouflaged when in or above water. (Stealth+)))
You have tentacles for arms and can constrict up to eight enemies at once.


Message History

There is a shaft here.
There is a stone staircase leading down here.
You climb downwards.
Level annotation: 3 runed translucent doors, Airmonger's ghost, amateur DsFi; Dowan; Duvessa
There is a stone staircase leading up here.
You see here 5 stones.
A gnoll is nearby!
Found 6 gold pieces.
You hit the gnoll but do no damage. Your grab misses the gnoll.
You squeeze the gnoll.
The gnoll is lightly wounded.
The gnoll hits you with a +0 long sword!
The gnoll attacks as you move away! You block the gnoll's attack.
The gnoll attacks as you move away!
The gnoll hits you with a +0 long sword!
The gnoll attacks as you move away! The gnoll misses you.
The gnoll attacks as you move away! The gnoll completely misses you.
The gnoll attacks as you move away!
The gnoll hits you with a +0 long sword.
The gnoll attacks as you move away! The gnoll barely misses you.
A hound comes into view.
The hound moves out of view.
Unknown command.
The gnoll attacks as you move away! You block the gnoll's attack.
You see here 5 stones.
The gnoll attacks as you move away! The gnoll misses you.
The gnoll attacks as you move away! You block the gnoll's attack.
The gnoll attacks as you move away! The gnoll barely misses you.
The gnoll attacks as you move away!
The gnoll hits you with a +0 long sword.
* * * LOW HITPOINT WARNING * * *
The gnoll attacks as you move away! The gnoll closely misses you.
The gnoll attacks as you move away!
The gnoll hits you with a +0 long sword!
* * * LOW HITPOINT WARNING * * *
As you read the scroll labelled TUGABL XUSAEF, it crumbles to dust.
It is a scroll of enchant weapon.
Your +2 dagger glows red for a moment.
The gnoll hits you with a +0 long sword!
You die...

#.# #.#.# #.###.#.# #.g.....#
#####.### #g# #.# #.####
######## ##....######......#
##########...#gg@........#.#
...............######.##.#.##
.###.#.###...### ##.>.....#
.###.#.# ##.## #..<.....#
.....#.# #.# #........#
..####.# #.# #.#.#>##.#
.......# ##'## #.#.#.##.#
#.########...## #.#.#.##.#
..# ##.....## #.#.#.##)#


You could see 2 gnolls.

Vanquished Creatures
  A hound (D:4)
  A jelly (D:4)
  3 adders
  2 gnolls (D:3)
  2 worms
  A dart slug (D:2)
  10 orcs
  6 endoplasms
  A giant cockroach (D:4)
  7 goblins
  6 hobgoblins
  4 jackals (D:4)
  6 ball pythons
  2 bats (D:2)
  6 kobolds
  7 rats
65 creatures vanquished.

Vanquished Creatures (others)
  2 fungi (D:4)
  2 plants (D:4)
4 creatures vanquished.

Grand Total: 69 creatures vanquished

Notes
Turn   | Place    | Note
-------+----------+-------------------------------------------
     0 | D:1      | Twinkles the Octopode Brigand began the quest for the Orb.
     0 | D:1      | Reached XP level 1. HP: 14/14 MP: 1/1
    90 | D:1      | Found a faded altar of an unknown god.
   269 | D:1      | Reached XP level 2. HP: 19/19 MP: 2/2
   352 | D:1      | Found Karup's General Store.
   355 | D:1      | Bought a scroll of identify for 26 gold pieces
  1003 | D:2      | Reached XP level 3. HP: 17/24 MP: 3/3
  1244 | D:2      | Reached skill level 1 in Unarmed Combat
  1618 | D:3      | Found a bloodstained altar of Trog.
  1720 | D:3      | Reached XP level 4. HP: 29/30 MP: 4/4
  1764 | D:3      | Noticed an ogre
  2151 | D:3      | Reached skill level 6 in Stealth
  2750 | D:4      | Reached skill level 1 in Shields
  2750 | D:4      | Reached XP level 5. HP: 36/36 MP: 5/5
  2771 | D:4      | Found a runed translucent gate.
  2771 | D:4      | Found a runed translucent gate.
  2775 | D:4      | Found a runed translucent gate.
  2776 | D:4      | Noticed a kobold brigand
  2778 | D:4      | Found a burning altar of Makhleb.
  2788 | D:4      | Noticed Duvessa
  2789 | D:4      | Noticed Dowan
  3153 | D:4      | Noticed Airmonger's ghost (amateur DsFi)
  3427 | D:4      | HP: 10/36 [gnoll/+0 long sword (5)]
  3433 | D:4      | HP: 2/36 [gnoll/+0 long sword (10)]
  3436 | D:4      | Mangled by a gnoll

Illustrated notes

Levels and vault maps discovered:
D:1:      dpeg_arrival_round_a, layout_basic, ebering_ecumenical_altar_rust,
          serial_shops, nicolae_shop_behind_doors, minmay_misc_feat_diagonals
D:2:      minmay_spotlight, layout_loops_ring
D:3:      layout_basic, lemuel_crystal_altar, nicolae_underground_beach
D:4:      layout_loops_corners, mainiacjoe_overflow_surrounded_room,
          gammafunk_ghost_nasty_kobolds, uniq_duvessa

Skill      XL: |  1  2  3  4  5 |
---------------+----------------+-----
Unarmed Combat | 1 2 |  2.0
Stealth        | 6 |  6.3
Dodging        | 2 |  2.3
Shields        | 1 |  1.2
Fighting       | 3 |  3.1
Short Blades   | |  2.0
Throwing       | |  2.5

Action                     |  1- 3 |  4- 6 || total
---------------------------+-------+-------++-------
  Melee: Dagger            |    60 |    79 ||   139
         Constrict         |    10 |    20 ||    30
         Tentacles         |    10 |    14 ||    24
         Punch             |     1 |     5 ||     6
  Throw: Dart              |       |     1 ||     1
    Use: Scroll            |     1 |     3 ||     4
   Stab: Sleeping          |     8 |     9 ||    17
 Armour: Skin              |     7 |     4 ||    11
  Dodge: Dodged            |    30 |    43 ||    73
  Block: Buckler           |     4 |    13 ||    17

Table legend: (Time is in decaauts)
 A = Elapsed time spent in this place.
 B = Non-inter-level travel time spent in this place.
 C = Inter-level travel time spent in this place.
 D = Time resting spent in this place.
 E = Time spent auto-exploring this place.
 F = Levels seen in this place.
 G = Mean time per level.
                   A        B        C        D        E       F      G
               +--------+--------+--------+--------+--------+-----+--------+
         Total |   3428 |   3190 |    238 |    160 |   2404 |   4 |  857.0 |
       Dungeon |   3428 |   3190 |    238 |    160 |   2404 |   4 |  857.0 |
               +--------+--------+--------+--------+--------+-----+--------+

Top non-repeatable levels by time:
     D:3: 952 daAuts
     D:4: 883 daAuts
     D:2: 818 daAuts
     D:1: 774 daAuts
